 Dungeon Crawl Stone Soup version 0.23-a0-143-g1adec7b (webtiles) character file.

6 Amnesiac the Bolt Thrower (level 1, -2/16 HPs)
             Began as a Mummy Hunter on Sept 1, 2018.
             Slain by a leopard gecko (4 damage)
             ... on level 1 of the Dungeon.
             The game lasted 00:00:47 (417 turns).

Amnesiac the Bolt Thrower (Mummy Hunter)             Turns: 417, Time: 00:00:48

Health: -2/16      AC:  3    Str: 15    XL:     1   Next: 75%
Magic:  1/1        EV: 11    Int: 10    God:
Gold:   39         SH:  0    Dex: 12    Spells: 0/0 levels left

rFire    x . .     SeeInvis .   a - +1 hand crossbow
rCold    + . .     Gourm    .   (no shield)
rNeg     + + +     Faith    .   c - +0 leather armour
rPois    ∞         Spirit   .   (no helmet)
rElec    .         Reflect  .   (no cloak)
rCorr    .         Harm     .   (no gloves)
MR       .....                  (no boots)
Stlth    +.........             (no amulet)
HPRegen  0.05/turn              (no ring)
MPRegen  0.07/turn              (no ring)

@: no status effects
A: no food or potions, fire vulnerability, cold resistance 1, negative energy
resistance 3, torment resistance, unbreathing
a: no special abilities


You were on level 1 of the Dungeon.
You were not hungry.

You visited 1 branch of the dungeon, and saw 1 of its levels.

You collected 39 gold pieces.

Inventory:

Hand Weapons
 a - a +1 hand crossbow (weapon)
 b - a +0 short sword
Missiles
 d - 18 bolts (quivered)
Armour
 c - a +0 leather armour (worn)
Scrolls
 e - a scroll of magic mapping {!r, unknown}


   Skills:
 + Level 2.2 Fighting
 * Level 3.4 Crossbows
 - Level 1.5 Dodging
 - Level 0.7 Stealth


You couldn't memorise any spells.
You didn't know any spells.
Your spell library was empty.

Dungeon Overview and Level Annotations

Branches:
Dungeon (1/15)

Altars:


Innate Abilities, Weirdness & Mutations

You do not eat or drink.
Your flesh is vulnerable to fire.
You are immune to poison.
Your flesh is cold resistant. (rC+)
You are immune to negative energy. (rN+++)
You are immune to unholy pain and torment.
You can survive without breathing.


Message History

You now have 39 gold pieces (gained 9).
e - a scroll labeled GUOSHRU LULAO {!r} A kobold comes into view.
The kobold shouts!
The kobold throws a stone.
The stone hits you but does no damage.
You see here a stone.
A kobold is nearby!
b - a +0 short sword (weapon)
A leopard gecko comes into view.
The kobold throws a stone.
The stone hits you but does no damage.
You see here a stone.
The leopard gecko hisses angrily.
A bat comes into view.
The bat moves out of view.
Found a scroll labeled MYANE BIEJ.
The bat hits you but does no damage.
You hit the bat.
The bat is moderately wounded.
The bat hits you but does no damage. The bat barely misses you.
The kobold hits you but does no damage. The bat closely misses you.
The kobold hits you. The bat hits you but does no damage.
The bat closely misses you.
The leopard gecko hisses menacingly.
The bat hits you but does no damage. The bat closely misses you.
The bat hits you but does no damage. The bat hits you but does no damage.
The bat hits you but does no damage. The bat hits you but does no damage.
The bat closely misses you. The bat barely misses you.
The bat hits you but does no damage. The bat misses you. The bat hits you.
You see here a leopard gecko skeleton.
You miss the leopard gecko. The leopard gecko bites you. x2
* * * LOW HITPOINT WARNING * * *
You hit the leopard gecko.
The leopard gecko is severely wounded.
The leopard gecko bites you.
* * * LOW HITPOINT WARNING * * *
a - a +1 hand crossbow (weapon)
The leopard gecko bites you but does no damage.
Firing (i - inventory)
d - 20 bolts (quivered)
Press: ? - help, Shift-Dir - straight line, f - leopard gecko
Aim: a leopard gecko (severely wounded, clinging)
You shoot a bolt.
The bolt closely misses the leopard gecko.
The bolt hits the bat!
You kill the bat!
The leopard gecko bites you.
* * * LOW HITPOINT WARNING * * *
You are too injured to fight recklessly!
Unknown command.
Firing (i - inventory)
d - 19 bolts (quivered)
Press: ? - help, Shift-Dir - straight line, f/p - leopard gecko
Aim: a leopard gecko (severely wounded, clinging)
You shoot a bolt.
The bolt barely misses the leopard gecko.
The bolt hits the kobold!
You kill the kobold!
The leopard gecko hisses menacingly.
The leopard gecko bites you but does no damage.
The leopard gecko bites you.
You die...

.#....(..##...#
..............###
................##
##...............#
........#........#
..###.#.##....##.#
........##....##(#
....######....##l#
.... ##....##@# ..#
#........## ..
#.........# .
#.........#
#.#...##..#########
...................#
#####.####..#######.#
#. #..#######.#######
#. #.................


You could see a leopard gecko.

Vanquished Creatures
  A leopard gecko (D:1)
  A goblin (D:1)
  A kobold (D:1)
  A bat (D:1)
  A rat (D:1)
5 creatures vanquished.

Notes
Turn   | Place    | Note
-------+----------+-------------------------------------------
     0 | D:1      | Amnesiac the Mummy Hunter began the quest for the Orb.
     0 | D:1      | Reached XP level 1. HP: 16/16 MP: 1/1
   417 | D:1      | Slain by a leopard gecko

Vault maps used:
D:1:      dpeg_arrival_signposts

Action                   || total
-------------------------++-------
Melee: Short sword       ||    13
 Fire: Hand crossbow     ||     3
Armor: Leather armour    ||    15
Dodge: Dodged            ||    11

Table legend:
 A = Non-vault XP
 B = Vault XP
 C = Vault XP percentage of total XP
 D = Non-vault monster count
 E = Vault monster count
 F = Vault count percentage of total count
                 A         B        C        D         E       F
            +---------+---------+-------+---------+---------+-------
      Total |       9 |       0 |   0.0 |       5 |       0 |   0.0
            +---------+---------+-------+---------+---------+-------
        D:1 |       9 |       0 |   0.0 |       5 |       0 |   0.0
            +---------+---------+-------+---------+---------+-------
